[Event "97th Argentine Championship 2022"]
[Site "Barichole"]
[Date "2022.12.08"]
[Round "9.6"]
[White "Paveto, Kevin"]
[Black "Perez Ponsa, Federico"]
[Result "1/2-1/2"]
[ECO "B33"]
[WhiteElo "2431"]
[BlackElo "2538"]
[Annotator "TA"]
[PlyCount "37"]
[EventDate "2022.12.01"]
[EventType "tourn"]
[EventCountry "ARG"]
[SourceTitle "playchess.com"]
[Source "ChessBase"]
[SourceQuality "1"]
[TimeControl "40/5400+30:1800+30"]

1. e4 {[%emt 0:00:53] So,Wesley} c5 2. Nf3 Nc6 3. d4 cxd4 4. Nxd4 Nf6 5. Nc3 e5 6. Ndb5 d6 7. Nd5 Nxd5 8. exd5 Ne7 9. c4 Ng6 10. Qa4 Bd7 11. Qb4 $1 Bf5 {[%emt 0:00:10] B33: Sicilian: Pelikan and Sveshnikov Variations.} 12. h4 h5 13. Qa4 (13. Bg5 {looks sharper.} Qb8 14. Be2 a6 15. Nc3) 13... Bd7 $1 {[%emt 0:00:57] [#] ...a6 is the strong threat. The position is equal.} 14. Qb4 Bf5 $1 15. Qa4 (15. Bg5 $5 f6 16. Be3 $14) 15... Bd7 $1 {[%emt 0:00:24] White must now prevent ...a6.} 16. Qb4 $36 {[%emt 0:00:07][%mdl 2048] White has the initiative.} (16. Bg5 $5 f6 17. Qc2 $11) 16... Bf5 17. Qa4 (17. Bg5 $5 f6 18. Be3 $14) 17... Bd7 $1 {[%emt 1:27:30] [#] Threatens to win with ...a6.} 18. Qb4 Bf5 $1 {[#]} 19. Qa4 $146 {[%emt 0:00:30] Weighted Error Value: White=0.15 (very precise) /Black=0.01 (flawless)} (19. Bg5 $14 f6 20. Be3) ({Predecessor:} 19. Be3 a6 20. Nc3 Qc7 21. g3 Be7 22. f3 Nf8 23. Ne4 Nd7 24. Bd3 O-O 25. Rh2 Rac8 26. O-O-O Bg6 27. Rc2 f5 28. Nf2 Nc5 29. f4 a5 {½-½ (31) Caruana,F (2832)-Carlsen,M (2835) London 2018 CBM 187 [So,Wesley]}) 1/2-1/2

[Event "97th Argentine Championship 2022"]
[Site "Barichole"]
[Date "2022.12.09"]
[Round "10.1"]
[White "Fiorito, Joaquin"]
[Black "Peralta, Fernando"]
[Result "1/2-1/2"]
[ECO "C10"]
[WhiteElo "2344"]
[BlackElo "2587"]
[Annotator "TA"]
[PlyCount "68"]
[EventDate "2022.12.01"]
[EventType "tourn"]
[EventCountry "ARG"]
[SourceTitle "playchess.com"]
[Source "ChessBase"]
[SourceQuality "1"]
[TimeControl "40/5400+30:1800+30"]

1. e4 e6 2. d4 d5 3. Nc3 Nf6 4. Bg5 dxe4 5. Nxe4 Nbd7 6. Nf3 h6 7. Nxf6+ Nxf6 8. Be3 $1 {[%emt 0:00:16][%mdl 4] now scores much better than the old 8.Bh4.} Bd6 {[%emt 0:05:32] C10: French with 3 Nc3: Unusual Black 3rd moves and 3...dxe4.} 9. Bd3 O-O 10. Qe2 {[%emt 0:00:05] The position is equal.} b6 11. O-O-O Bb7 {[%emt 0:00:06] Inhibits g4.} 12. Rhg1 Nd5 $1 13. Bd2 {[%emt 0:00:07] Threatening Qe4.} Nf4 14. Bxf4 Bxf4+ 15. Kb1 Qf6 16. Be4 Bxe4 17. Qxe4 Rad8 {[%emt 0:01:41] [#]} 18. Rge1 $146 ({Predecessor:} 18. g3 Bd6 19. Qc6 e5 20. Rge1 exd4 21. Rxd4 Qg6 {½-½ (21) Papenin,N (2729)-Szczepanski,Z (2561) ICCF email 2012}) 18... Bd6 19. Qc6 Qf5 20. a3 Rfe8 (20... Qd5 {simplifies} 21. Qxd5 exd5 22. c3 g5) 21. Rd2 Re7 (21... Qd5 {simplifies} 22. Qxd5 exd5 23. Rde2 Rxe2 24. Rxe2 Kf8) 22. Rde2 Red7 23. h3 a6 24. Ka1 Qb5 25. Qxb5 axb5 26. c3 c5 27. Rd1 Be7 28. Red2 Bg5 29. Nxg5 hxg5 $11 {[%emt 0:00:05] KRR-KRR} 30. Kb1 e5 31. Kc2 {[%emt 0:00:37] [#] Hoping for dxc5.} cxd4 32. cxd4 exd4 33. Kd3 Rc8 34. Re1 {[%emt 0:00:35][%mdl 1024] White has compensation.} g6 {[%emt 0:06:08] An even fight not without its subleties.   Weighted Error Value: White=0.03 (flawless) /Black=0.03 (flawless)} 1/2-1/2

[Event "97th Argentine Championship 2022"]
[Site "Barichole"]
[Date "2022.12.09"]
[Round "10.2"]
[White "Perez Ponsa, Federico"]
[Black "Flores, Diego"]
[Result "1/2-1/2"]
[ECO "C47"]
[WhiteElo "2538"]
[BlackElo "2547"]
[Annotator "TA"]
[PlyCount "61"]
[EventDate "2022.12.01"]
[EventType "tourn"]
[EventCountry "ARG"]
[SourceTitle "playchess.com"]
[Source "ChessBase"]
[SourceQuality "1"]
[TimeControl "40/5400+30:1800+30"]

1. e4 e5 2. Nf3 Nc6 3. d4 exd4 4. Nxd4 Nf6 5. Nc3 Bb4 6. Nxc6 bxc6 7. Bd3 d5 8. Bd2 O-O 9. O-O {[%emt 0:00:07] The position is equal.} Bxc3 {[%emt 0:01:47] C47: Scotch Four Knights and Four Knights with 4 g3.} 10. Bxc3 dxe4 $1 {[%emt 0:00:07][%mdl 4] now scores much better than the old 10...Nxe4.} 11. Bxf6 {[%emt 0:03:59][%mdl 64] [#] Remove Defender} Qxf6 12. Bxe4 Qxb2 13. Bxc6 Rb8 14. Rb1 Qxb1 15. Qxb1 Rxb1 16. Rxb1 $11 {[%emt 0:00:03][%mdl 4096] Endgame KRB-KRB} Rd8 17. Bf3 Kf8 18. Rb8 Re8 {[%emt 0:04:10][%cal Re8e1] [#]} 19. h4 Ba6 20. Rb3 Re1+ 21. Kh2 Re5 {[%emt 0:00:06] [#]} 22. Ra3 $146 ({Predecessor:} 22. Rc3 Be2 23. Bxe2 Rxe2 24. Kg3 Re4 25. Rxc7 Ra4 26. c4 Rxa2 27. c5 a5 28. Ra7 a4 29. c6 Rc2 30. c7 Ke8 31. Rxa4 {½-½ (31) Mastrovasilis,D (2619)-Grischuk,A (2773) Terme Catez 2021}) 22... Be2 23. Bxe2 Rxe2 24. Rxa7 Rxc2 {[%emt 0:00:30] KR-KR} 25. Kg3 c5 26. a4 c4 27. a5 c3 28. a6 Ra2 29. Rc7 Rxa6 30. Rc8+ Ke7 31. Rxc3 {[%emt 0:00:04] An interesting draw.   Weighted Error Value: White=0.01 (flawless) /Black=0.01 (flawless)} 1/2-1/2

[Event "97th Argentine Championship 2022"]
[Site "Barichole"]
[Date "2022.12.09"]
[Round "10.3"]
[White "Krysa, Leandro"]
[Black "Pichot, Alan"]
[Result "1/2-1/2"]
[ECO "A29"]
[WhiteElo "2524"]
[BlackElo "2637"]
[Annotator "TA"]
[PlyCount "60"]
[EventDate "2022.12.01"]
[EventType "tourn"]
[EventCountry "ARG"]
[SourceTitle "playchess.com"]
[Source "ChessBase"]
[SourceQuality "1"]
[TimeControl "40/5400+30:1800+30"]

1. c4 Nf6 2. Nc3 e5 3. Nf3 Nc6 4. g3 Nd4 5. Bg2 Nxf3+ 6. Bxf3 Bc5 7. e3 {[%emt 0:06:14] A29: English Opening: Four Knights Variation with 4 g3.} O-O 8. O-O d6 9. d4 Bb6 10. b4 {[%emt 0:04:13] aiming for c5.} c6 11. a4 Qe7 12. a5 {[%emt 0:08:40] [#]} e4 $146 ({Predecessor:} 12... Bc7 13. e4 exd4 14. Qxd4 Bh3 15. Rd1 a6 16. Bb2 h5 17. Re1 Rfe8 18. Ne2 Bg4 {1-0 (41) Willert Betker,S-Wilhelmi,D ICCF email 2007}) 13. Bg2 Bd8 14. d5 h5 15. dxc6 {[%emt 0:09:12] White is more active.} bxc6 16. b5 {[%emt 0:00:09] Inhibits h4.} Bg4 17. Qd2 (17. Qa4 $5 ) 17... Rc8 18. Bb2 Qe6 19. bxc6 (19. Rfc1 {simplifies} h4 20. bxc6 Rxc6 21. Nb5) 19... Qxc4 ({Better is} 19... Rxc6 $14 20. Nb5 Qxc4 21. Nxa7 (21. Nxd6 Qb3 $14) 21... Ra6) 20. Rfc1 $1 $16 ({Much worse is} 20. Qxd6 $6 Rxc6 21. Qa3 Bf3 $11) (20. h3 $6 Bf5 $11) 20... d5 $2 (20... Rxc6 $2 21. Nxe4 $1 Nxe4 22. Rxc4 Nxd2 23. Rxc6 $18) (20... Qxc6 $16 21. Nxe4 Nxe4) 21. h3 $18 Bf3 22. Bf1 {[%emt 0:01:41] Prevents d4.} Qxc6 {[%emt 0:00:13] [#]} 23. Nxe4 $1 {[%emt 0:03:19][%mdl 576] Discovered Attack} Qd7 24. Rxc8 Qxc8 {[%emt 0:00:56] [#]} (24... Nxe4 {was necessary.} 25. Qd4 f6) 25. Nxf6+ $1 Bxf6 26. Bxf6 gxf6 27. h4 $2 (27. Qd4 $18) 27... Qf5 $11 28. Qd4 Rb8 $2 (28... Be4 $1 $11 {and Black is okay.} 29. Bg2 (29. Qxa7 $2 {is a self mate.} Qf3) 29... Bxg2 30. Kxg2 Qe4+ 31. Qxe4 dxe4) 29. Bg2 $2 (29. Qxa7 $18 Rb2 30. Qc7 (30. Qa8+ $2 Kg7 $19)) 29... a6 30. Qf4 Qxf4 {[%emt 0:05:03] Weighted Error Value: White=0.27 (precise) /Black=0.30} 1/2-1/2

[Event "97th Argentine Championship 2022"]
[Site "Barichole"]
[Date "2022.12.09"]
[Round "10.4"]
[White "Acosta, Pablo Ismael"]
[Black "Sorin, Ariel"]
[Result "1/2-1/2"]
[ECO "E61"]
[WhiteElo "2461"]
[BlackElo "2363"]
[Annotator "TA"]
[PlyCount "90"]
[EventDate "2022.12.01"]
[EventType "tourn"]
[EventCountry "ARG"]
[SourceTitle "playchess.com"]
[Source "ChessBase"]
[SourceQuality "1"]
[TimeControl "40/5400+30:1800+30"]

1. d4 Nf6 2. Nf3 g6 3. c4 Bg7 4. Nc3 d6 5. Bg5 h6 6. Bh4 O-O 7. e3 Nbd7 8. Qc2 e5 9. dxe5 {[%emt 0:05:45] E61: King's Indian: Early deviations for White, including Smyslov System.} dxe5 10. O-O-O {[%emt 0:01:13] [#]} (10. Rd1 $5 ) 10... Re8 $146 ({Predecessor:} 10... Qe8 11. Bxf6 Nxf6 12. Bd3 c6 13. h3 Rb8 14. g4 b5 15. Nd2 Be6 16. Rdg1 bxc4 17. Bxc4 Bxc4 18. Nxc4 {0-1 (34) Al Omari,D (2152)-Hassan,J Istanbul 2000}) 11. g4 {[%emt 0:01:06] White has an edge.} c6 12. Nd2 Qe7 13. Nde4 Nc5 (13... g5 {simplifies} 14. Bg3 Nxe4 15. Nxe4 Nf6) 14. Be2 Be6 (14... Bxg4 $2 15. Bxg4 Rad8 16. h3 $18) 15. Nxc5 (15. Bxf6 {simplifies} Bxf6 16. Nxc5 Qxc5 17. h4) 15... Qxc5 16. Bxf6 Bxf6 17. Ne4 Qe7 18. h4 Bxh4 19. Rh2 Bf6 20. Rxh6 Bg7 21. Rh2 Red8 22. Rdh1 b5 23. Rh7 (23. cxb5 $2 cxb5 24. Bxb5 Rac8 $19) 23... bxc4 24. Bxc4 (24. g5 $5 ) 24... Bxg4 25. f4 Rd1+ 26. Rxd1 $16 {[%emt 0:00:00] White is much more active.} Bxd1 27. Rxg7+ {[%emt 0:00:00] The board is on fire.} (27. Kxd1 $16 {Hoping for Ng5.} Rd8+ 28. Kc1 Kxh7 29. Ng5+ Kg8 30. Nxf7 (30. Bxf7+ Kf8 $11)) 27... Kxg7 $11 28. Qxd1 exf4 29. Qd4+ f6 {[%emt 0:00:22] Threatens to win with ...Rd8.} 30. exf4 Rd8 31. Qe3 c5 {[%emt 0:01:31] Against f5. Strongly threatening ...Rd4.} 32. f5 ({Worse is} 32. Qxc5 Qxe4 33. Qc7+ Kh6 34. Qxd8 Qxc4+ 35. Kd1 Qf1+ 36. Kc2 Qc4+ 37. Kd1 Qf1+ 38. Kd2 Qxf4+ 39. Kd3 Qg3+ 40. Kc4 Qf2 41. Qf8+ Kh5 $19) 32... Rd4 33. Be6 Qc7 34. Nd2 {[%emt 0:02:05] And now fxg6 would win.} Qf4 35. Qe2 g5 {[%emt 0:00:52][%mdl 1024] Black has compensation.} 36. Kc2 {[%emt 0:00:34] [#]} ({White should try} 36. b3 $15) 36... g4 $1 $17 37. Bc8 Kh6 (37... Qe5 $17 38. Qxe5 fxe5) 38. Qe1 (38. Bb7 $1 $11 {and White has nothing to worry.}) 38... g3 $19 39. Bb7 {[%emt 0:00:32] Against g2} Qxf5+ 40. Ne4 g2 {[%emt 0:00:00] Against Qh1+} (40... Qf3 $142 {White must now prevent ...g2.} 41. b3 g2 42. Nxc5 Qf5+ 43. Kb2 Qxc5 44. Bxg2 Rf4) 41. Qh4+ Kg7 42. Qg3+ Qg6 43. Qc7+ Qf7 44. Qg3+ Qg6 45. Qc7+ {[%emt 0:00:10] [#]} Qf7 $2 {[%emt 0:00:06] Weighted Error Value: White=0.21 (precise) /Black=0.19 (very precise)} ({Avoid the trap} 45... Kg8 $2 46. Qc8+ Kh7 47. Qc7+ Kg8 48. Qc8+ Kg7 49. Qc7+) (45... Kh6 $1 $19 46. Qh2+ Kg7 47. Qc7+) 1/2-1/2

[Event "97th Argentine Championship 2022"]
[Site "Barichole"]
[Date "2022.12.09"]
[Round "10.5"]
[White "Gaitan, Juan Manuel"]
[Black "Mareco, Sandro"]
[Result "0-1"]
[ECO "E11"]
[WhiteElo "2347"]
[BlackElo "2619"]
[Annotator "TA"]
[PlyCount "74"]
[EventDate "2022.12.01"]
[EventType "tourn"]
[EventCountry "ARG"]
[SourceTitle "playchess.com"]
[Source "ChessBase"]
[SourceQuality "1"]
[TimeControl "40/5400+30:1800+30"]

1. d4 Nf6 2. c4 e6 3. Nf3 d5 4. g3 Bb4+ 5. Bd2 Be7 6. Bg2 O-O 7. Qc2 Nbd7 8. O-O c6 9. Bg5 h6 {[%emt 0:04:26] E11: Bogo-Indian.} 10. Bxf6 Nxf6 11. Nbd2 b6 {[%emt 0:14:47] The position is equal.} 12. Ne5 Bb7 13. Nd3 {[%emt 0:03:30] [#]} a5 $146 ({Predecessor:} 13... Nd7 14. Rfd1 Rc8 15. Rac1 Bf6 16. e3 c5 17. dxc5 Nxc5 18. Nxc5 Rxc5 19. Qb1 Qa8 20. cxd5 {½-½ (19) Gheorghiu,F (2394)-Pinol Fulgoni,F (2257) Lausanne 2005}) 14. Rfd1 Rc8 15. c5 (15. a3 $11) 15... Ba6 $15 16. cxb6 Bxd3 17. Qxd3 Qxb6 18. b3 c5 19. dxc5 Bxc5 20. e3 Ba3 21. Rab1 {[%emt 0:00:09][%cal Ob3b4] [#] And now b4! would win.} Qb4 22. e4 (22. Ra1 $142) 22... Rc3 $17 23. Qe2 Rfc8 24. exd5 exd5 25. Nf1 Rc2 26. Qf3 Rxa2 {[%emt 0:14:26] [#] Strongly threatening ...Rcc2. Black has more active pieces. The white rooks are badly placed.} 27. Ne3 {[%emt 0:00:11] Inhibits Rcc2.} Qb6 $1 ({But not} 27... d4 28. Qf5 Re8 29. Nd5 Nxd5 30. Bxd5 $11) 28. Nxd5 Nxd5 29. Rxd5 Rcc2 30. Rf1 Bc5 (30... g6 {seems wilder.} 31. Rd7 Rxf2 32. Rxf2 Rxf2 33. Rb7 Rxf3+ 34. Rxb6 Bc5+) 31. Kh1 Rxf2 ({Resist} 31... Bxf2 32. Rd7 Qe6 33. Rd8+ (33. Qa8+ Kh7 $14) 33... Kh7 34. Qe4+ g6 35. Qb7 $16) (31... g6 {looks sharper.} 32. Rd3 Rxf2 33. Qd5 Qf6) 32. Rxf2 Rxf2 33. Qc3 Bb4 $40 {[%emt 0:00:22][%mdl 128] Black is up to no good.} 34. Qc8+ Bf8 35. Qc3 ({Better is} 35. Rd8 $15 Qb4 36. h4) 35... a4 $1 $19 36. b4 Bxb4 $2 (36... a3 37. Qxa3 Qe6) 37. Qc4 $2 (37. Qd4 Qxd4 38. Rxd4) 37... a3 {[%emt 0:03:19] Weighted Error Value: White=0.63/Black=0.22 (precise)} 0-1

[Event "97th Argentine Championship 2022"]
[Site "Barichole"]
[Date "2022.12.09"]
[Round "10.6"]
[White "Valerga, Diego"]
[Black "Paveto, Kevin"]
[Result "1/2-1/2"]
[ECO "D90"]
[WhiteElo "2438"]
[BlackElo "2431"]
[Annotator "TA"]
[PlyCount "62"]
[EventDate "2022.12.01"]
[EventType "tourn"]
[EventCountry "ARG"]
[SourceTitle "playchess.com"]
[Source "ChessBase"]
[SourceQuality "1"]
[TimeControl "40/5400+30:1800+30"]

1. Nf3 {[%emt 0:00:05] Krasenkow,Michal} Nf6 2. c4 g6 3. Nc3 d5 4. cxd5 Nxd5 5. Qb3 Nb6 6. d4 Bg7 7. e4 Bg4 {[%emt 0:00:56] D90: Grünfeld: 4 Nf3 Bg7 sidelines.} 8. Bb5+ c6 9. Ng5 O-O 10. Be2 Bxe2 11. Nxe2 c5 {[%emt 0:02:31] 11...Na6 is not played anymore.} 12. dxc5 {[%emt 0:02:58][%cal Oe1g1] Threatens to win with 0-0!} N6d7 $1 13. Qxb7 Qa5+ 14. Bd2 Qa6 15. c6 ({Of course not} 15. Qxa8 Nc6 $17) 15... Qxc6 16. Qxc6 Nxc6 17. Rc1 $36 {[%emt 0:00:11][%mdl 2048] Black is under pressure.} Rac8 18. b3 (18. Bc3 {feels hotter.} Bh6 19. Rd1 Rfd8 20. f4) 18... Bb2 (18... Rfd8 $5 ) 19. Rd1 {[%emt 0:06:10] [#]} Nc5 $146 ({Predecessor:} 19... Nce5 20. Be3 h6 21. Nf3 Nxf3+ 22. gxf3 Ne5 23. f4 Ng4 24. Bxa7 Ra8 25. Rd2 Ba3 {1-0 (47) Jakovenko,D (2747)-Vachier Lagrave,M (2757) Tashkent 2014 CBM 163 [Krasenkow,Michal]}) 20. O-O Rfd8 21. Be3 Rxd1 22. Rxd1 Nb4 23. Rd2 {[%emt 0:29:03] Against h6} ({White should try} 23. Nf4 $16 {And now Bxc5 would win.} Nb7 24. Rd7 (24. Bxa7 Nxa2 25. Nd5 Ba3 $16)) 23... Ncd3 24. Kf1 (24. Bxa7 $2 {perishes.} Bc1 25. Rd1 Bxg5 $19) 24... a6 25. Nf3 Ba3 26. Ne1 Nc1 {[%emt 0:09:35] [#]} (26... Nxe1 $16 27. Kxe1 Nc2+ 28. Kd1 Nxe3+ 29. fxe3 f6) 27. Nxc1 $2 (27. Nc3 $1 $18 ) 27... Bxc1 $11 {[%emt 0:00:21] The position is equal.} 28. Re2 Bxe3 29. Rxe3 Nxa2 30. Nd3 {[%emt 0:00:20] Prevents Rc1+.} a5 31. Re2 Nc1 {[%emt 0:00:42] Weighted Error Value: White=0.16 (very precise) /Black=0.13 (very precise)} 1/2-1/2

[Event "97th Argentine Championship 2022"]
[Site "Barichole"]
[Date "2022.12.10"]
[Round "11.1"]
[White "Pichot, Alan"]
[Black "Fiorito, Joaquin"]
[Result "1-0"]
[ECO "C02"]
[WhiteElo "2637"]
[BlackElo "2344"]
[Annotator "TA"]
[PlyCount "59"]
[EventDate "2022.12.01"]
[EventType "tourn"]
[EventCountry "ARG"]
[SourceTitle "playchess.com"]
[Source "ChessBase"]
[SourceQuality "1"]
[TimeControl "40/5400+30:1800+30"]

1. e4 e6 2. d4 d5 3. e5 c5 4. c3 Nc6 5. Nf3 Nge7 6. Bd3 cxd4 7. cxd4 Nf5 8. Bxf5 exf5 9. Nc3 Be6 10. Ne2 Be7 11. Nf4 {[%emt 0:00:59] C02: French: Advance Variation.} O-O 12. h4 {[%emt 0:02:31] [#]} Qd7 $146 ({Predecessor:} 12... Rc8 13. a3 Qa5+ 14. Bd2 Qb5 15. Bc3 h6 16. h5 Na5 17. Qe2 Qb6 18. O-O Nc4 {½-½ (18) Meinhardt,M (2369)-Braun,C (2278) Playchess.com INT 2007}) 13. Ng5 {[%emt 0:12:48] White is slightly better.} Nd8 14. Qh5 {[%emt 0:07:06][%csl Gg5][%cal Rh5h7] [#]} h6 15. Ngxe6 Nxe6 16. O-O Nxf4 17. Bxf4 Rac8 18. Rac1 Rxc1 19. Rxc1 Rc8 (19... Qa4 {with more complications.} 20. g3 Qxd4 21. Qxf5 Qxb2 22. e6 Qf6) 20. Rxc8+ Qxc8 $14 {[%emt 0:00:05][%mdl 4096] Endgame KQB-KQB} 21. g3 Bf8 22. b3 Qe6 23. Qe2 Qc6 24. h5 Be7 25. Be3 Bg5 26. Kg2 Qc3 $2 {[%emt 0:03:37][%mdl 8192] [#] This costs Black the game.} ({Black should play} 26... Bd8 $14) 27. Bxg5 $18 hxg5 28. e6 Qc8 $2 (28... fxe6 $18 29. Qxe6+ Kh8 30. Qxd5 Qc8) 29. e7 Qe8 30. Qe5 {[%emt 0:00:10][%csl LRd5,LRf5] Weighted Error Value: White=0.08 (flawless) /Black=0.76} 1-0

[Event "97th Argentine Championship 2022"]
[Site "Barichole"]
[Date "2022.12.10"]
[Round "11.2"]
[White "Peralta, Fernando"]
[Black "Acosta, Pablo Ismael"]
[Result "1-0"]
[ECO "D36"]
[WhiteElo "2587"]
[BlackElo "2461"]
[Annotator "TA"]
[PlyCount "109"]
[EventDate "2022.12.01"]
[EventType "tourn"]
[EventCountry "ARG"]
[SourceTitle "playchess.com"]
[Source "ChessBase"]
[SourceQuality "1"]
[TimeControl "40/5400+30:1800+30"]

1. d4 d5 2. c4 e6 3. Nc3 Nf6 4. cxd5 exd5 5. Bg5 c6 6. e3 Be7 7. Bd3 Nbd7 8. Nge2 O-O 9. O-O Re8 10. Qc2 Nf8 11. f3 g6 {[%emt 0:17:30] is more profitable than 11...Be6 at the moment.} 12. Rad1 Ne6 {[%emt 0:00:21] D36: Queen's Gambit Declined: Exchange Variation: Main line (5 Bg5 c6 6 Qc2).} 13. Bh4 Ng7 14. e4 Be6 {[%emt 0:01:06] White is slightly better.} 15. e5 Nd7 16. Bxe7 Qxe7 {[%emt 0:00:19] [#]} 17. Ng3 $146 ({Predecessor:} 17. f4 f5 18. b4 Rec8 19. Rb1 Ne8 20. a4 Nc7 21. g4 fxg4 22. Ng3 Rf8 23. Nd1 {0-1 (51) Yarar,M (1823)-Daghan,D (1999) Konya 2022}) 17... h5 18. Rde1 h4 19. Nge2 Rac8 20. Qd2 Bf5 21. g4 hxg3 22. hxg3 Bxd3 23. Qxd3 Nf8 24. Kg2 Nfe6 25. Rh1 f5 $1 26. f4 Kf7 27. Nd1 (27. Rh7 $5 ) 27... Qb4 28. Ne3 (28. a3 {simplifies} Qc4 29. Qxc4 dxc4 30. Ne3) 28... Rh8 29. g4 (29. a3 $14 Qb6 30. b4) 29... Rxh1 (29... fxg4 $5 30. Rb1 Qb5 31. Qxb5 cxb5 $15) 30. Rxh1 Qxb2 31. Kg3 Qb5 $1 32. Qc2 Rg8 33. Rh6 Qb4 $1 34. gxf5 gxf5 35. Kf3 $36 {[%emt 0:00:24][%mdl 2048] [#] White is more active.} Qxd4 $1 36. Rf6+ $16 ({Don't do} 36. Nxf5 $6 Qe4+ 37. Qxe4 dxe4+ 38. Kxe4 Nc5+ 39. Kf3 Nxf5 $14) 36... Ke8 37. Nxf5 $1 {[%emt 0:00:58][%mdl 64] Dancing on a razor blade.} (37. Nxd4 $2 {too greedy.} Nxd4+ 38. Kf2 Nxc2 39. Nxc2 Nh5 $19) 37... Qe4+ 38. Qxe4 dxe4+ 39. Kxe4 {[%emt 0:00:31] aiming for Nd6+.} Nc5+ 40. Ke3 {[%emt 0:00:00] Strongly threatening Nd6+. White is much more active.} Nxf5+ 41. Rxf5 {[%emt 0:02:14][%mdl 4096] Endgame KRN-KRN} Rh8 {[%emt 0:05:11] Inhibits Rh5.} 42. Rg5 Rh3+ 43. Ng3 a5 (43... Kf8 $16) 44. f5 $18 {[%emt 0:03:08] Black must now prevent Kd4.} Kf7 {[%emt 0:05:52] [#]} (44... Kf8 $142 45. Kd4 b6) 45. Rg6 $1 Rh4 46. e6+ Kf8 47. Rf6+ Ke8 {[%emt 0:00:28] [#]} 48. Rf7 $1 a4 49. a3 b5 $2 (49... Rg4) 50. Rc7 b4 51. axb4 Rxb4 52. Rxc6 Rb3+ 53. Kd4 Rxg3 54. Rxc5 Ke7 55. Rc7+ {[%emt 0:00:44] Weighted Error Value: White=0.08 (flawless) /Black=0.38} 1-0

[Event "97th Argentine Championship 2022"]
[Site "Barichole"]
[Date "2022.12.10"]
[Round "11.3"]
[White "Mareco, Sandro"]
[Black "Krysa, Leandro"]
[Result "1/2-1/2"]
[ECO "E04"]
[WhiteElo "2619"]
[BlackElo "2524"]
[Annotator "TA"]
[PlyCount "84"]
[EventDate "2022.12.01"]
[EventType "tourn"]
[EventCountry "ARG"]
[SourceTitle "playchess.com"]
[Source "ChessBase"]
[SourceQuality "1"]
[TimeControl "40/5400+30:1800+30"]

1. d4 d5 2. c4 e6 3. Nf3 Nf6 4. g3 dxc4 5. Bg2 Nbd7 6. O-O c6 7. a4 a5 8. Bg5 {[%emt 0:04:23] E04: Open Catalan: 5 Nf3.} ({White should try} 8. Qc2 $1 $14) 8... h6 $11 9. Bxf6 Qxf6 10. Nbd2 Bb4 (10... e5 $11) 11. Nxc4 $14 O-O {[%emt 0:00:10] [#]} 12. e3 $146 ({Predecessor:} 12. Qc2 Qe7 13. Rfd1 Nf6 14. Rac1 Bd7 15. Nfe5 Rfd8 16. e3 Ra6 17. Nd3 Be8 18. Nxb4 Qxb4 {½-½ (44) Barnaure,V (2480)-Posedaru,B (2327) Calimanesti Caciulata 2016}) 12... Rd8 13. Qc2 Qe7 14. Rfd1 Rb8 15. Ne1 e5 16. dxe5 Bxe1 17. Rxe1 {[%emt 0:00:05] Threatens to win with Red1.} Nxe5 18. Qe4 ({White should play} 18. Nxa5 $14 Bg4 19. Nb3) 18... Re8 $11 19. Rec1 ({Much worse is} 19. Nxa5 Qd8 20. Qb4 Nd3 $17) 19... Nxc4 20. Qxe7 Rxe7 21. Rxc4 Be6 22. Rc5 Ra8 23. Rd1 Rd7 24. Rxd7 Bxd7 {[%emt 0:00:03][%mdl 4096] Endgame KRB-KRB} 25. Kf1 Kf8 26. Ke1 Ke7 27. Kd2 Kd6 28. Rc3 Ra6 29. b3 Be6 30. Be4 Rb6 31. Bc2 Rb4 32. e4 b5 33. f4 f6 34. axb5 cxb5 35. Rd3+ Ke7 36. Rc3 Kd6 37. Rd3+ Ke7 38. Rc3 $1 Kd6 39. Rd3+ Ke7 40. Rc3 {[%emt 0:00:00] The position is equal.} Kd6 41. Rd3+ Ke7 42. Rc3 Kd6 {[%emt 0:01:52] Weighted Error Value: White=0.08 (flawless) /Black=0.09 (flawless)} 1/2-1/2